Map: Automaton LE

Players

Starbuck

  • Race: Zerg Zerg
  • Spawn Location: 3:00

Harstem - Winner!

  • Race: Protoss Protoss
  • League: Grandmaster
  • Spawn Location: 9:00

Event: 2019 WCS Winter Europe

VOD

Have the link to the VOD?

Description

Time

  • Played on: Feb. 2, 2019, 9:44 a.m.
  • Length: 5:40

All games in this series

Show
View Real Time Build Order
Export as new Build Order

Starbuck Zerg 

Build Orders: Hatch First 

Get SALT Encoding   

  12  0:01  Drone  
  13  0:12  Overlord  
  13  0:18  Drone  
  14  0:31  Drone x2  
  16  0:50  Hatchery  
  16  0:54  Drone  
  16  0:56  Drone  
  17  1:00  Drone  
  18  1:07  Extractor  
  17  1:16  Spawning Pool  
  16  1:20  Drone  
  16  1:23  Drone  
  18  1:30  Drone  
  19  1:39  Overlord  
  19  2:02  Queen x2  
  19  2:03  Zergling x4  
  19  2:05  Zergling x2  
  26  2:11  Metabolic Boost  
  26  2:18  Zergling x2  
  27  2:34  Zergling x8  
  31  2:47  Hatchery  
  31  2:51  Zergling x4  
  32  2:56  Overlord  
  32  2:59  Zergling x2  
  32  3:02  Zergling x2  
  33  3:09  Zergling x4  
  35  3:15  Zergling x4  
  35  3:16  Zergling x2  
  38  3:22  Zergling x2  
  38  3:23  Zergling x2  
  38  3:26  Zergling x2  
  41  3:28  Zergling x2  
  41  3:34  Zergling x4  
  41  3:37  Zergling x2  
  42  3:41  Zergling x2  
  42  3:45  Zergling x2  
  42  3:46  Zergling x2  
  43  3:49  Zergling x2  
  42  4:05  Overlord  
  42  4:06  Zergling x2  
  42  4:07  Zergling x2  
  42  4:08  Zergling x2  
  41  4:10  Zergling x2  
  41  4:11  Zergling x2  
  38  4:17  Overlord  
  38  4:18  Zergling x2  
  38  4:21  Drone  
  37  4:25  Zergling x2  
  37  4:27  Zergling x2  
  37  4:30  Zergling x2  
  38  4:32  Zergling x2  
  38  4:35  Zergling x2  
  38  4:38  Zergling x2  
  40  4:41  Zergling x2  
  40  4:44  Zergling x2  
  40  4:47  Zergling x2  
  40  4:49  Zergling x2  
  41  4:53  Zergling x2  
  41  4:55  Zergling x2  
  41  4:58  Zergling x2  
  41  5:00  Zergling x2  
  41  5:04  Zergling x2  
  40  5:11  Zergling x4  
  40  5:12  Zergling x2  
  38  5:15  Zergling x2  
  38  5:17  Zergling x2  
  37  5:22  Zergling x2  
Show
View Real Time Build Order
Export as new Build Order

Harstem Protoss - Winner!

Build Orders: 1 Gate Expand, Oracle Opening, Phoenix Opening 

Get SALT Encoding   

  12  0:00  Probe  
  13  0:13  Probe  
  14  0:18  Pylon  
  14  0:24  Probe  
  15  0:33  Probe  
  15  0:38  Gateway  
  15  0:41  Probe  
  16  0:48  Assimilator  
  17  0:51  Probe  
  18  1:03  Probe  
  19  1:15  Probe  
  20  1:26  Nexus  
  20  1:35  Cybernetics Core  
  20  1:40  Probe  
  20  1:46  Assimilator  
  21  1:52  Probe  
  22  1:54  Pylon  
  22  2:03  Probe, Adept  
  23  2:11  Probe  
  26  2:19  Probe  
  26  2:22  Stargate  
  27  2:31  Probe  
  27  2:36  Adept  
  30  2:38  Probe  
  30  2:43  Probe  
  32  2:50  Gateway  
  32  2:52  Probe  
  32  2:56  Probe  
  34  3:01  Phoenix  
  34  3:04  Probe  
  35  3:09  Probe  
  38  3:17  Probe  
  39  3:20  Oracle  
  39  3:21  Probe  
  39  3:23  Pylon  
  44  3:34  Pylon  
  46  3:44  Gateway  
  46  3:47  Adept  
  45  3:52  Gateway  
  45  3:53  Pylon  
  43  3:57  Oracle  
  43  3:58  Pylon  
  46  4:06  Pylon  
  46  4:07  Pylon  
  45  4:12  Pylon  
  45  4:16  Pylon  
  45  4:17  Zealot  
  45  4:23  Cybernetics Core  
  47  4:26  Probe, Pylon  
  47  4:28  Probe  
  49  4:37  Zealot  
  49  4:44  Pylon  
  51  4:47  Oracle  
  51  4:49  Probe x2  
  56  5:01  Probe  
  56  5:02  Shield Battery  
  56  5:05  Gateway  
  57  5:08  Probe  
  57  5:13  Probe  
  57  5:16  Assimilator  
  57  5:20  Probe  
  56  5:22  Assimilator  
  56  5:23  Stargate  
  59  5:25  Probe  
Tags
 
Add a new tag
Caveats
  • Supply blocks, unpowered buildings, or Contaminate may cause inaccurate times.
  • Supply counts are checked every 10 seconds.